 Dungeon Crawl Stone Soup version 0.23.2-40-g277498a001 (webtiles) character file.

Game seed: 14879374340854541608

196 KamiKatze the Cutter (level 6, 0/38 HPs)
             Began as a Kobold Berserker on Oct 9, 2019.
             Was a Believer of Trog.
             Slain by Jessica
             ... wielding a cursed -2 club
              (1 damage)
             ... on level 3 of the Dungeon.
             The game lasted 00:06:15 (2309 turns).

KamiKatze the Cutter (Kobold Berserker)             Turns: 2309, Time: 00:06:15

Health: 0/38       AC:  7    Str: 17    XL:     6   Next: 4%
Magic:  6/6        EV: 15    Int:  8    God:    Trog [**....]
Gold:   129        SH:  0    Dex: 14    Spells: 5/5 levels left

rFire    . . .     SeeInvis .   a - +0 short sword
rCold    . . .     Gourm    .   (shield restricted)
rNeg     . . .     Faith    .   e - +0 ring mail
rPois    .         Spirit   .   f - +0 helmet (curse)
rElec    .         Reflect  .   q - +0 cloak
rCorr    .         Harm     .   (no gloves)
MR       .....                  (no boots)
Stlth    +.........             (no amulet)
HPRegen  0.12/turn              (no ring)
MPRegen  0.10/turn              (no ring)

@: berserk cooldown, slowed, very slow
A: small, carnivore
a: Berserk, Trog's Hand, Renounce Religion


You were on level 3 of the Dungeon.
You worshipped Trog.
Trog was pleased with you.
You were very full.

You visited 1 branch of the dungeon, and saw 3 of its levels.

You collected 129 gold pieces.

Inventory:

Hand Weapons
 a - a +0 short sword (weapon)
 g - a +0 hunting sling
Missiles
 d - 89 stones (quivered)
 l - 17 poisoned needles
 u - 6 tomahawks
Armour
 e - a +0 ring mail (worn)
 f - a cursed +0 helmet (worn)
 i - a +0 scale mail
 j - a scarf of cloud immunity
 q - a +0 cloak (worn)
Scrolls
 b - 2 scrolls of identify
 k - a scroll of amnesia
 m - 2 scrolls of remove curse {unknown}
 p - a scroll of fog {unknown}
 r - 3 scrolls of magic mapping {unknown}
 s - a scroll of teleportation {unknown}
 v - a scroll of fear {unknown}
Potions
 h - a potion of lignification {unknown}
 n - a potion of mutation
 o - a potion of resistance
 t - a potion of brilliance
Comestibles
 c - 2 rations


   Skills:
 + Level 4.1 Fighting
 * Level 5.9 Short Blades
 + Level 2.3 Armour
 + Level 3.6 Dodging
 - Level 2.1 Stealth


You had 5 spell levels left.
You didn't know any spells.
Your spell library was empty.

Dungeon Overview and Level Annotations

Branches:
Dungeon (3/15)

Altars:
Dithmenos
Ru
Sif Muna
Zin

Annotations:
D:3 Jessica


Innate Abilities, Weirdness & Mutations

You are small and have problems with some larger weapons.
You are carnivorous and can eat meat at any time.


Message History

Jessica is lightly wounded.
Jessica closely misses you.
You hit Jessica but do no damage.
Jessica is lightly wounded.
Jessica closely misses you. x2
You closely miss Jessica.
Jessica is lightly wounded.
Jessica hits you but does no damage.
Jessica points at you and mumbles some strange words.
Pain shoots through your body!
You closely miss Jessica.
Jessica is lightly wounded.
Jessica gestures wildly.
Jessica points at you and mumbles some strange words.
Pain shoots through your body!
* * * LOW HITPOINT WARNING * * *
You hit Jessica but do no damage.
Jessica is lightly wounded.
Jessica hits you with a cursed -2 club.
You die...

###.# #......# #.#
#.# ....#
#....#o###.# #.#
##### ###.##.@...#
####.# # .@. #####.#
#....# #
ooo#.#####.# #.####
.....+.....))#
#.##### .o..
##.####.# #.....#
..## ##..# #.#
#####.# #####
#....##@######## #.#
≈≈≈≈##
#.....#@........ #.#
≈≈≈≈≈#
#.....#.######## #.#
...≈≈# #.....#.# #.#
._.≈≈# #.....#.# #.#
...≈≈#
####...######## #.#
≈≈≈≈≈#
#)))........... #.#
≈≈≈≈##
#.###..###########.#
###########.#
##>............#


You could see Jessica.

Vanquished Creatures
  2 orc priests (D:3)
  2 orc wizards (D:3)
  3 adders
  A worm (D:2)
  A dart slug (D:3)
  A leopard gecko (D:2)
  3 orcs (D:3)
  A ball python (D:3)
  6 bats
  5 giant cockroaches
  5 goblins
  8 hobgoblins
  4 jackals
  A quokka (D:2)
  2 frilled lizards
  4 kobolds
  2 rats
51 creatures vanquished.

Notes
Turn   | Place    | Note
-------+----------+-------------------------------------------
     0 | D:1      | KamiKatze the Kobold Berserker began the quest for the Orb.
     0 | D:1      | Reached XP level 1. HP: 14/14 MP: 1/1
   209 | D:1      | Reached XP level 2. HP: 18/19 MP: 2/2
   652 | D:2      | Reached XP level 3. HP: 23/23 MP: 3/3
   927 | D:2      | Found a sacrificial altar of Ru.
   927 | D:2      | Found a glowing silver altar of Zin.
  1011 | D:2      | Reached ** piety under Trog
  1505 | D:3      | Reached skill level 1 in Stealth
  1505 | D:3      | Reached XP level 4. HP: 22/29 MP: 4/4
  1534 | D:3      | Reached skill level 5 in Short Blades
  1920 | D:3      | Found a shadowy altar of Dithmenos.
  1980 | D:3      | Found a deep blue altar of Sif Muna.
  2196 | D:3      | Reached XP level 5. HP: 22/33 MP: 5/5
  2274 | D:3      | Noticed Jessica
  2294 | D:3      | Reached XP level 6. HP: 35/38 MP: 6/6
  2308 | D:3      | HP: 1/38 [Jessica/nerve-wracking pain (12)]
  2309 | D:3      | Slain by Jessica

Skill      XL: |  1  2  3  4  5 |
---------------+----------------+-----
Armour         | 2 |  2.3
Dodging        | 3 |  3.6
Stealth        | 1 2 |  2.1
Short Blades   | 5 |  5.9
Fighting       | 4 |  4.1

Action                   |  1- 3 |  4- 6 || total
-------------------------+-------+-------++-------
Melee: Short sword       |   109 |   112 ||   221
Throw: Stone             |       |     1 ||     1
Invok: Berserk           |     1 |     2 ||     3
  Use: Scroll            |     3 |     2 ||     5
  Eat: Chunk             |    11 |     3 ||    14
Armor: Ring mail         |    28 |    31 ||    59
Dodge: Dodged            |    63 |    78 ||   141
